TOP OF THE 1ST |
Florida Men batting - Pitching for Tortolita Drummers : LHP Allen Werner
|
Pitching: LHP Allen Werner
|
|
Batting: LHB Jacques Viceronte
|
0-0: Called Strike 0-1: Swinging Strike 0-2: Strikes out looking
|
Batting: LHB Jim Halpert
|
0-0: Called Strike 0-1: Ball 1-1: SOLO HOME RUN (Line Drive, 89XD, EV 105.6 MPH), Distance : 423 ft
|
Batting: RHB César Guerra
|
0-0: Foul Ball, location: 2F 0-1: Called Strike 0-2: Fly out, F7 (Flyball, 7LS, EV 84.4 MPH)
|
Batting: RHB Matsudaira Sugahara
|
0-0: Called Strike 0-1: Ball 1-1: Ball 2-1: Called Strike 2-2: SINGLE (Groundball, 4MS, EV 71.9 MPH) (infield hit)
|
Batting: SHB Arend van der Veen
|
0-0: Ball 1-0: Called Strike 1-1: Ball 2-1: Foul Ball, location: 2F 2-2: Fielders Choice at 2nd, 5-4 (Groundball, 5, EV 86.2 MPH)
|
Top of the 1st over - 1 run, 2 hits, 0 errors, 1 left on base; Florida 1 - Tortolita 0 |
BOTTOM OF THE 1ST |
Tortolita Drummers batting - Pitching for Florida Men : LHP Billy Craig
|
Pitching: LHP Billy Craig
|
|
Batting: RHB Askari bin Idris
|
0-0: Ground out 1-3 (Groundball, P, EV 71.2 MPH)
|
Batting: SHB Kolby Hay
|
0-0: Foul Ball, location: 2F 0-1: Foul Ball, location: 2F 0-2: SINGLE (Line Drive, 8RS, EV 100.6 MPH)
|
Batting: RHB Tsuneari Hirano
|
0-0: Foul Ball, location: 2F 0-1: Ball 1-1: SINGLE (Line Drive, 7S, EV 105.0 MPH) Kolby Hay to second
|
Batting: RHB Tso-i Wang
|
0-0: Foul Ball, location: 2F 0-1: Foul Ball, location: 2F 0-2: Ball 1-2: Fly out, F9 (Flyball, 89XD, EV 92.5 MPH)
|
Batting: RHB Ken Moore
|
0-0: Called Strike 0-1: Ground out 1-3 (Groundball, 25, EV 86.9 MPH)
|
Bottom of the 1st over - 0 runs, 2 hits, 0 errors, 2 left on base; Florida 1 - Tortolita 0 |
TOP OF THE 2ND |
Florida Men batting - Pitching for Tortolita Drummers : LHP Allen Werner
|
Batting: LHB Charles Godard
|
0-0: Ball 1-0: Ground out 6-3 (Groundball, 6, EV 100.6 MPH)
|
Batting: LHB Duncan Witteman
|
0-0: Called Strike 0-1: Ball 1-1: SINGLE (Groundball, 6D, EV 102.5 MPH)
|
Batting: RHB Tristan Eikelenboom
|
0-0: Ball 1-0: Called Strike 1-1: Ball 2-1: Ball 3-1: Foul Ball, location: 2F 3-2: Foul Ball, location: 2F 3-2: Strikes out swinging Duncan Witteman is caught stealing 2nd base 2-4 Batter strikes out.
|
Top of the 2nd over - 0 runs, 1 hit, 0 errors, 0 left on base; Florida 1 - Tortolita 0 |
BOTTOM OF THE 2ND |
Tortolita Drummers batting - Pitching for Florida Men : LHP Billy Craig
|
Batting: RHB Tomás Costello
|
0-0: Foul Ball, location: 2F 0-1: Swinging Strike 0-2: Foul Ball, location: 2F 0-2: Ball 1-2: Ball 2-2: Ground out 4-3 (Groundball, 4, EV 84.4 MPH)
|
Batting: RHB Blythe Plumpley
|
0-0: Ball 1-0: Swinging Strike 1-1: Ball 2-1: DOUBLE (Line Drive, 89XD, EV 105.0 MPH)
|
Batting: RHB Armando Chamú
|
0-0: Swinging Strike 0-1: Ball 1-1: Ball 2-1: Foul Ball, location: 2F 2-2: Strikes out swinging
|
Batting: RHB Qwuntrezz Knight
|
0-0: Ball 1-0: Ball 2-0: Ball 3-0: Base on Balls
|
Batting: RHB Askari bin Idris
|
0-0: Swinging Strike 0-1: Ball 1-1: Ball 2-1: Called Strike 2-2: Ball 3-2: Strikes out swinging
|
Bottom of the 2nd over - 0 runs, 1 hit, 0 errors, 2 left on base; Florida 1 - Tortolita 0 |
TOP OF THE 3RD |
Florida Men batting - Pitching for Tortolita Drummers : LHP Allen Werner
|
Batting: RHB Marcos Alfaro
|
0-0: Ball 1-0: Fly out, F7 (Line Drive, 7, EV 86.9 MPH)
|
Batting: LHB Jacques Viceronte
|
0-0: Fly out, F5 (Line Drive, 6, EV 75.6 MPH)
|
Batting: LHB Jim Halpert
|
0-0: Ball 1-0: Fly out, F8 (Line Drive, 8LM, EV 86.9 MPH)
|
Top of the 3rd over - 0 runs, 0 hits, 0 errors, 0 left on base; Florida 1 - Tortolita 0 |
BOTTOM OF THE 3RD |
Tortolita Drummers batting - Pitching for Florida Men : LHP Billy Craig
|
Batting: SHB Kolby Hay
|
0-0: Ball 1-0: Ball 2-0: Swinging Strike 2-1: Swinging Strike 2-2: Ball 3-2: Strikes out swinging
|
Batting: RHB Tsuneari Hirano
|
0-0: Ball 1-0: Ground out 4-3 (Groundball, 4, EV 107.5 MPH)
|
Batting: RHB Tso-i Wang
|
0-0: SINGLE (Groundball, 6MD, EV 104.4 MPH)
|
Batting: RHB Ken Moore
|
0-0: Ball 1-0: Called Strike 1-1: Ball 2-1: Foul Ball, location: 2F 2-2: Ball 3-2: Fly out, F7 (Line Drive, 7, EV 98.8 MPH)
|
Bottom of the 3rd over - 0 runs, 1 hit, 0 errors, 1 left on base; Florida 1 - Tortolita 0 |
TOP OF THE 4TH |
Florida Men batting - Pitching for Tortolita Drummers : LHP Allen Werner
|
Batting: RHB César Guerra
|
0-0: Called Strike 0-1: Ball 1-1: Foul Ball, location: 2F 1-2: Strikes out looking
|
Batting: RHB Matsudaira Sugahara
|
0-0: Ball 1-0: Called Strike 1-1: Ball 2-1: Ground out 6-3 (Groundball, 6M, EV 84.4 MPH)
|
Batting: SHB Arend van der Veen
|
0-0: Called Strike 0-1: Ball 1-1: Ground out 6-3 (Groundball, 56, EV 98.8 MPH)
|
Top of the 4th over - 0 runs, 0 hits, 0 errors, 0 left on base; Florida 1 - Tortolita 0 |
BOTTOM OF THE 4TH |
Tortolita Drummers batting - Pitching for Florida Men : LHP Billy Craig
|
Batting: RHB Tomás Costello
|
0-0: Foul Ball, location: 2F 0-1: Ball 1-1: Ball 2-1: SINGLE (Groundball, 4D, EV 99.4 MPH)
|
Batting: RHB Blythe Plumpley
|
0-0: Reached on error, E6 (Groundball, 6, EV 100.0 MPH) Tomás Costello to third
|
Batting: RHB Armando Chamú
|
0-0: TRIPLE (Flyball, 89XD, EV 92.5 MPH) Tomás Costello scores Blythe Plumpley scores
|
Batting: RHB Qwuntrezz Knight
|
0-0: Ball 1-0: Called Strike 1-1: Fly out, F8 (Flyball, 8RXD, EV 102.5 MPH) Runner from 3rd tags up, SCORES, no throw by CF
|
Batting: RHB Askari bin Idris
|
0-0: Foul Ball, location: 2F 0-1: Ball 1-1: Ball 2-1: Ball 3-1: Called Strike 3-2: Foul Ball, location: 2F 3-2: Base on Balls
|
Batting: SHB Kolby Hay
|
0-0: Ball 1-0: Grounds into double play, 6-4-3 (Groundball, 6, EV 105.6 MPH)
|
Bottom of the 4th over - 3 runs, 2 hits, 1 error, 0 left on base; Florida 1 - Tortolita 3 |
TOP OF THE 5TH |
Florida Men batting - Pitching for Tortolita Drummers : LHP Allen Werner
|
Batting: LHB Charles Godard
|
0-0: Called Strike 0-1: Ball 1-1: Ball 2-1: Foul Ball, location: 2F 2-2: Ball 3-2: Strikes out swinging
|
Batting: LHB Duncan Witteman
|
0-0: Called Strike 0-1: Swinging Strike 0-2: Strikes out swinging, 2-3 out at first.
|
Batting: RHB Tristan Eikelenboom
|
0-0: Swinging Strike 0-1: Ball 1-1: Ball 2-1: Ball 3-1: Swinging Strike 3-2: Strikes out swinging
|
Top of the 5th over - 0 runs, 0 hits, 0 errors, 0 left on base; Florida 1 - Tortolita 3 |
BOTTOM OF THE 5TH |
Tortolita Drummers batting - Pitching for Florida Men : LHP Billy Craig
|
Batting: RHB Tsuneari Hirano
|
0-0: Ball 1-0: Ball 2-0: Fly out, F9 (Flyball, 89S, EV 93.8 MPH)
|
Batting: RHB Tso-i Wang
|
0-0: Ball 1-0: DOUBLE (Groundball, 5L, EV 107.5 MPH)
|
Batting: RHB Ken Moore
|
0-0: Ball 1-0: DOUBLE (Flyball, 78D, EV 95.0 MPH) Tso-i Wang scores
|
Batting: RHB Tomás Costello
|
0-0: Called Strike 0-1: Fly out, F3 (Popup, 3S, EV 80.6 MPH)
|
Batting: RHB Blythe Plumpley
|
0-0: Ball 1-0: SINGLE (Flyball, 78S, EV 82.5 MPH) Ken Moore to third Runner from 3rd tries for Home, SAFE, throw by LF to home
|
Pitching: RHP James Davis
|
|
Batting: RHB Armando Chamú
|
0-0: Called Strike 0-1: Ball 1-1: Fielders Choice at 2nd, 6-4 (Groundball, 6, EV 87.5 MPH)
|
Bottom of the 5th over - 2 runs, 3 hits, 0 errors, 1 left on base; Florida 1 - Tortolita 5 |
TOP OF THE 6TH |
Florida Men batting - Pitching for Tortolita Drummers : LHP Allen Werner
|
Batting: RHB Marcos Alfaro
|
0-0: Ground out 5-3 (Groundball, 5L, EV 109.4 MPH)
|
Batting: LHB Jacques Viceronte
|
0-0: Ball 1-0: Called Strike 1-1: Ball 2-1: Foul Ball, location: 2F 2-2: Strikes out looking
|
Batting: LHB Jim Halpert
|
0-0: Called Strike 0-1: Fly out, F3 (Popup, 34, EV 68.8 MPH)
|
Top of the 6th over - 0 runs, 0 hits, 0 errors, 0 left on base; Florida 1 - Tortolita 5 |
BOTTOM OF THE 6TH |
Tortolita Drummers batting - Pitching for Florida Men : RHP James Davis
|
Batting: RHB Qwuntrezz Knight
|
0-0: Ball 1-0: Ball 2-0: Ball 3-0: Called Strike 3-1: SINGLE (Groundball, 6, EV 81.9 MPH) (infield hit)
|
Batting: RHB Askari bin Idris
|
0-0: Bunt - Flyout to 2R! F2
|
Batting: SHB Kolby Hay
|
0-0: Called Strike 0-1: Ball 1-1: Ball 2-1: 2-RUN HOME RUN (Flyball, 78XD, EV 115.0 MPH), Distance : 381 ft
|
Batting: RHB Tsuneari Hirano
|
0-0: Ball 1-0: Ground out 6-3 (Groundball, 6, EV 92.5 MPH)
|
Batting: RHB Tso-i Wang
|
0-0: Ball 1-0: Called Strike 1-1: Foul Ball, location: 2F 1-2: Fly out, F3 (Popup, 3F, EV 69.4 MPH)
|
Bottom of the 6th over - 2 runs, 2 hits, 0 errors, 0 left on base; Florida 1 - Tortolita 7 |
TOP OF THE 7TH |
Florida Men batting - Pitching for Tortolita Drummers : LHP Allen Werner
|
Batting: RHB César Guerra
|
0-0: Called Strike 0-1: Ball 1-1: Foul Ball, location: 2F 1-2: Strikes out looking
|
Batting: RHB Matsudaira Sugahara
|
0-0: Ball 1-0: SINGLE (Groundball, 3D, EV 98.1 MPH)
|
Batting: SHB Arend van der Veen
|
0-0: Ball 1-0: Called Strike 1-1: Called Strike 1-2: Foul Ball, location: 2F 1-2: Ball 2-2: Strikes out swinging
|
Batting: LHB Charles Godard
|
0-0: Ball 1-0: Foul Ball, location: 2F 1-1: Ball 2-1: Swinging Strike 2-2: Foul Ball, location: 2F 2-2: Foul Ball, location: 2F 2-2: Foul Ball, location: 2F 2-2: Foul Ball, location: 2F 2-2: Strikes out looking
|
Top of the 7th over - 0 runs, 1 hit, 0 errors, 1 left on base; Florida 1 - Tortolita 7 |
BOTTOM OF THE 7TH |
Tortolita Drummers batting - Pitching for Florida Men : RHP James Davis
|
Batting: RHB Ken Moore
|
0-0: Called Strike 0-1: Ball 1-1: Ball 2-1: Swinging Strike 2-2: SINGLE (Groundball, 6MD, EV 109.4 MPH)
|
Batting: RHB Tomás Costello
|
0-0: Ball Ken Moore is caught stealing 2nd base 2-4 1-0: Ball 2-0: SINGLE (Groundball, 56S, EV 67.5 MPH) (infield hit)
|
Batting: RHB Blythe Plumpley
|
0-0: Called Strike 0-1: Foul Ball, location: 2F 0-2: Ball 1-2: Ball 2-2: SINGLE (Line Drive, 89S, EV 108.8 MPH) Tomás Costello to second
|
Batting: RHB Armando Chamú
|
0-0: Fielders Choice at 2nd, 1-4 (Groundball, P, EV 90.6 MPH) Tomás Costello to third
|
Batting: RHB Qwuntrezz Knight
|
0-0: Ball 1-0: 3-RUN HOME RUN (Flyball, 89XD, EV 111.9 MPH), Distance : 395 ft
|
Pinch Hitting: RHB Steven Rohrs
|
0-0: Called Strike 0-1: Ground out 5-3 (Groundball, 56S, EV 84.4 MPH)
|
Bottom of the 7th over - 3 runs, 4 hits, 0 errors, 0 left on base; Florida 1 - Tortolita 10 |
TOP OF THE 8TH |
Florida Men batting - Pitching for Tortolita Drummers : LHP Allen Werner
|
Pitching: RHP Andy Fallon
|
|
Now in LF: Steven Rohrs
|
|
Pinch Hitting: RHB Chang-lit Min
|
0-0: Swinging Strike 0-1: Ball 1-1: Ball 2-1: Fly out, F6 (Line Drive, 6, EV 69.4 MPH)
|
Batting: RHB Tristan Eikelenboom
|
0-0: Fly out, F3 (Popup, 3DF, EV 59.4 MPH)
|
Batting: RHB Marcos Alfaro
|
0-0: Ground out 6-3 (Groundball, 6, EV 100.0 MPH)
|
Top of the 8th over - 0 runs, 0 hits, 0 errors, 0 left on base; Florida 1 - Tortolita 10 |
BOTTOM OF THE 8TH |
Tortolita Drummers batting - Pitching for Florida Men : RHP James Davis
|
Now in LF: Basava Puri
|
|
Pinch Hitting: RHB Andrew Crosby
|
0-0: Called Strike 0-1: Ball 1-1: Called Strike 1-2: Foul Ball, location: 2F 1-2: Strikes out swinging
|
Batting: RHB Tsuneari Hirano
|
0-0: Ball 1-0: Ball 2-0: Ball 3-0: Base on Balls
|
Pitching: RHP Robert Cagle
|
|
Pinch Hitting: RHB Eisse Cals
|
0-0: Called Strike 0-1: Called Strike 0-2: Strikes out swinging
|
Batting: RHB Ken Moore
|
0-0: Called Strike 0-1: Ball 1-1: Ball 2-1: Ball 3-1: Called Strike 3-2: Foul Ball, location: 2F 3-2: DOUBLE (Flyball, 89XD, EV 91.9 MPH) Tsuneari Hirano to third Tsuneari Hirano scores
|
Batting: RHB Tomás Costello
|
0-0: Foul Ball, location: 2F 0-1: Ball 1-1: Ball 2-1: Ball 3-1: Base on Balls
|
Batting: RHB Blythe Plumpley
|
0-0: Ball 1-0: Ball 2-0: Foul Ball, location: 2F 2-1: Swinging Strike 2-2: Fielders Choice at 2nd, 5-4 (Groundball, 5, EV 109.4 MPH)
|
Bottom of the 8th over - 1 run, 1 hit, 0 errors, 2 left on base; Florida 1 - Tortolita 11 |
TOP OF THE 9TH |
Florida Men batting - Pitching for Tortolita Drummers : RHP Andy Fallon
|
Now at 1B: Eisse Cals
|
|
Now in RF: Andrew Crosby
|
|
Batting: LHB Jacques Viceronte
|
0-0: Called Strike 0-1: Ball 1-1: Ball 2-1: Ball 3-1: Foul Ball, location: 2F 3-2: Foul Ball, location: 2F 3-2: Strikes out looking
|
Batting: LHB Jim Halpert
|
0-0: Called Strike 0-1: Foul Ball, location: 2F 0-2: Foul Ball, location: 2F 0-2: Ball 1-2: SINGLE (Groundball, 4MD, EV 96.2 MPH)
|
Batting: RHB César Guerra
|
0-0: Called Strike 0-1: Ball 1-1: Grounds into double play, 5-4-3 (Groundball, 5, EV 101.9 MPH)
|
Top of the 9th over - 0 runs, 1 hit, 0 errors, 0 left on base; Florida 1 - Tortolita 11 |
|